 Dungeon Crawl Stone Soup version 0.31-a0-507-gbafd7f5274 (webtiles) character file.

Game seed: 5335853666116607850

77 Midn8 the Vexing (level 4, -6/24 HPs)
             Began as a Deep Elf Hexslinger on Aug 10, 2023.
             Killed from afar by an orc wizard (8 damage)
             ... with a magic dart
             ... on level 3 of the Dungeon.
             The game lasted 00:05:24 (1654 turns).

Midn8 the Vexing (Deep Elf Hexslinger)              Turns: 1654, Time: 00:05:24

Health: -6/24      AC:  2    Str:  5    XL:     4   Next: 14%
Magic:  10/10      EV: 13    Int: 20    God:
Gold:   20         SH:  0    Dex: 17    Spells: 1/9 levels left

rFire   . . .        a - +1 sling
rCold   . . .        (no shield)
rNeg    . . .        c - +0 robe
rPois   .            (no helmet)
rElec   .            (no cloak)
rCorr   .            (no gloves)
SInv    .            (no boots)
Will    .....        (no amulet)
Stlth   ++           (no ring)
HPRegen 0.24/turn    (no ring)
MPRegen 0.12/turn

%: no passive effects
@: no status effects
A: no striking features
a: no special abilities


You were on level 3 of the Dungeon.
You visited 1 branch of the dungeon, and saw 3 of its levels.

You collected 20 gold pieces.

Inventory:

Hand Weapons
 a - a +1 sling (weapon)
Armour
 c - a +0 robe (worn)
 n - a +0 buckler
Scrolls
 b - 2 scrolls of poison
 e - a scroll of blinking {unknown}
 f - a scroll of enchant armour {unknown}
 g - a scroll of noise {unknown}
 h - 4 scrolls of identify {unknown}
 j - a scroll of teleportation {unknown}
 m - a scroll of fear {unknown}
Potions
 d - a potion of brilliance {unknown}
 i - 2 potions of degeneration {unknown}
 k - a potion of mutation {unknown}
 l - a potion of invisibility {unknown}


   Skills:
 - Level 0.7 Fighting
 - Level 2.6 Ranged Weapons
 - Level 2.4 Dodging
 - Level 3.0 Spellcasting
 * Level 6.1 Hexes


You had one spell level left.
You knew the following spells:

 Your Spells              Type           Power      Damage    Failure   Level
a - Slow                  Hex            100%       N/A       1%          1
e - Cause Fear            Hex            13%        N/A       12%         4
f - Inner Flame           Hex/Fire       15%        N/A       12%         3

Your spell library contained the following spells:

 Spells                   Type           Power      Damage    Failure   Level
 Portal Projectile        Hex/Tloc       30%        N/A       12%         3
 Poisonous Vapours        Pois/Air       6%         N/A       22%         2
 Mephitic Cloud           Conj/Pois/Air  3%         N/A       38%         3
 Freezing Cloud           Conj/Ice/Air   1%         6-21      98%         5


Dungeon Overview and Level Annotations

Branches:
Dungeon (3/15)

Altars:


Message History

An orc comes into view. It is wielding a +0 dagger.
Fire: a) +1 sling
Press: ? - help, Q - select action, (/) - cycle Shift-Dir - straight line, f - orc
Aim: an orc, wielding a +0 dagger (59% to hit)
You shoot a sling bullet. The sling bullet hits the orc.
The orc is heavily wounded.
Something hits you.
Fire: a) +1 sling
Press: ? - help, Q - select action, (/) - cycle Shift-Dir - straight line, f/p - orc
Aim: an orc, wielding a +0 dagger (heavily wounded, 59% to hit)
You shoot a sling bullet. The sling bullet hits the orc.
The orc is heavily wounded.
You hear some strange, mumbled words.
A puff of flame appears from out of thin air!
The puff of flame hits you.
Fire: a) +1 sling
Press: ? - help, Q - select action, (/) - cycle Shift-Dir - straight line, f/p - orc
Aim: an orc, wielding a +0 dagger (heavily wounded, 59% to hit)
You shoot a sling bullet.
The sling bullet closely misses the orc.
Something hits you.
* * * LOW HITPOINT WARNING * * *
You hear some strange, mumbled words.
A magic dart appears from out of thin air!
The magic dart hits you.
* * * LOW HITPOINT WARNING * * *
Fire: a) +1 sling
Press: ? - help, Q - select action, (/) - cycle Shift-Dir - straight line, f/p - orc
Aim: an orc, wielding a +0 dagger (heavily wounded, 59% to hit)
You shoot a sling bullet. The sling bullet hits the orc.
The orc is almost dead.
Something completely misses you.
Fire: a) +1 sling
Press: ? - help, Q - select action, (/) - cycle Shift-Dir - straight line, f/p - orc
Aim: an orc, wielding a +0 dagger (almost dead, 59% to hit)
You shoot a sling bullet. The sling bullet barely misses the orc.
You hear some strange, mumbled words.
A magic dart appears from out of thin air!
The magic dart hits you!
You die...

####
...###############
.................#
...#############.#
...........# #@#
....######.# #{#
........... #o#
....######. #.#
....# #.# #.#.##
### #.# #.#..#.#..
#.# #.##.#.#.# #.#
.......#.#


You could see an orc.

Vanquished Creatures
  2 adders (D:2)
  2 dart slugs
  8 bats
  6 endoplasms
  5 goblins
  5 hobgoblins
  6 jackals (D:1)
  2 kobolds
  3 quokkas (D:2)
  7 ball pythons
  2 frilled lizards
  A rat (D:1)
49 creatures vanquished.

Notes
Turn   | Place    | Note
-------+----------+-------------------------------------------
     0 | D:1      | Midn8 the Deep Elf Hexslinger began the quest for the Orb.
     0 | D:1      | Reached XP level 1. HP: 11/11 MP: 5/5
   102 | D:1      | Reached XP level 2. HP: 16/16 MP: 7/7
   292 | D:1      | Reached skill level 5 in Hexes
   360 | D:1      | Found a faded altar of an unknown god.
   373 | D:1      | Reached XP level 3. HP: 20/20 MP: 8/8
   394 | D:1      | Learned a level 3 spell: Inner Flame
  1248 | D:2      | Reached skill level 6 in Hexes
  1248 | D:2      | Reached XP level 4. HP: 24/24 MP: 10/10
  1253 | D:2      | Learned a level 4 spell: Cause Fear
  1652 | D:3      | HP: 1/24 [something/magic dart (5)]
  1654 | D:3      | Killed from afar by an orc wizard

Illustrated notes

Levels and vault maps discovered:
D:1:      dpeg_arrival_shelter, layout_basic,
          hellmonk_ecumenical_altar_dog_temple
D:2:      layout_loops_cross, minmay_shallow_snake_nest
D:3:      layout_basic, nzn_wu_jian_contemplation

Skill      XL: |  1  2  3 |
---------------+----------+-----
Spellcasting   | 2 3 |  3.0
Hexes          | 5 6 |  6.1
Fighting       | |  0.7
Ranged Weapons | |  2.6
Dodging        | |  2.4

Action                     |  1- 3 |  4- 6 || total
---------------------------+-------+-------++-------
   Fire: Sling             |   117 |    32 ||   149
   Cast: Slow              |     3 |       ||     3
 Armour: Robe              |    10 |       ||    10
  Dodge: Dodged            |    51 |     3 ||    54

Table legend: (Time is in decaauts)
 A = Elapsed time spent in this place.
 B = Non-inter-level travel time spent in this place.
 C = Inter-level travel time spent in this place.
 D = Time resting spent in this place.
 E = Time spent auto-exploring this place.
 F = Levels seen in this place.
 G = Mean time per level.
                   A        B        C        D        E       F      G
               +--------+--------+--------+--------+--------+-----+--------+
         Total |   1693 |   1651 |     42 |     88 |   1227 |   3 |  564.3 |
       Dungeon |   1693 |   1651 |     42 |     88 |   1227 |   3 |  564.3 |
               +--------+--------+--------+--------+--------+-----+--------+

Top non-repeatable levels by time:
     D:1: 838 daAuts
     D:2: 789 daAuts
     D:3: 65 daAuts
